cohdb
Replays
Latest Replays
All Replays
Popular Replays
Top Player Replays
Match Explorer
How It Works
Community
CoH3 Stats
Reddit
Sign in to upload your games and track your stats! →
Sign in with Steam
Match 41026236
Unlisted
Match 41026236
Overview
Messages
Build Orders
End
Scout Squad
Scout Squad
Selects Airborne Battlegroup
Selects Pathfinders
Construct Weapon Support Center
M1919 Machine Gun Team
Construct Medical Station
Selects Paratrooper Squad Paradrop
Paratrooper Squad Paradrop
Mechanized Support Center
Paratrooper Squad Paradrop
Construct Motor Pool
M3 75 mm Gun Motor Carriage
Paratrooper Squad Paradrop
Construct Tank Depot
M4A1 Sherman Medium Tank
M4A1 76mm Conversion
Engineer Squad
M4A1(76) Sherman Medium Tank
Selects Anti-tank Gun Team Paradrop
Selects Recon Loiter
Selects Paradrop Reinforcements
Improvised Armor
M4A1(76) Sherman Medium Tank
Bran
Dillbro
Души меня(12 лет)
Челозавр
0
0
Comments
sign in to comment!
No comments posted yet!